 Dungeon Crawl Stone Soup version 0.30.1-9-gdf580d7c3d (webtiles) character file.

Game seed: 3328616606548343878

156 Janerl the Conjurer (level 5, 0/31 HPs)
             Began as a Tengu Reaver on Oct 20, 2023.
             Slain by Grinder (4 damage)
             ... on level 3 of the Dungeon.
             The game lasted 00:09:04 (1758 turns).

Janerl the Conjurer (Tengu Reaver)                  Turns: 1758, Time: 00:09:05

Health: 0/31       AC:  3    Str: 12    XL:     5   Next: 38%
Magic:  9/9        EV: 15    Int: 14    God:
Gold:   91         SH:  0    Dex: 14    Spells: 7/8 levels left

rFire   . . .        j - +0 hand axe (flame)
rCold   . . .        (no shield)
rNeg    . . .        b - +0 leather armour
rPois   .            (helmet restricted)
rElec   .            (no cloak)
rCorr   .            (no gloves)
SInv    .            (boots unavailable)
Will    .....        (no amulet)
Stlth   +            (no ring)
HPRegen 0.25/turn    (no ring)
MPRegen 0.11/turn

%: no passive effects
@: flying quickly and evasively, quick
A: beak, talons 3, nimble flight
a: no special abilities


You were on level 3 of the Dungeon.
You visited 1 branch of the dungeon, and saw 3 of its levels.

You collected 91 gold pieces.

Inventory:

Hand Weapons
 a - a +0 falchion
 d - a +1 dagger of speed
 j - a +0 hand axe of flaming (weapon)
Missiles
 c - 6 poisoned darts
Armour
 b - a +0 leather armour (worn)
Scrolls
 e - a scroll of teleportation {unknown}
 f - a scroll of immolation {unknown}
 g - a scroll of blinking {unknown}
 h - a scroll of enchant weapon {unknown}
 i - a scroll of fear {unknown}
 k - a scroll of identify {unknown}
 l - a scroll of poison {unknown}
 m - a scroll of noise {unknown}


   Skills:
 + Level 2.6 Fighting
 + Level 0.5(2.6) Short Blades
 + Level 4.1 Long Blades
 + Level 0.3 Axes
 + Level 1.8 Armour
 + Level 3.4 Dodging
 + Level 1.0 Stealth
 + Level 2.1 Spellcasting
 + Level 4.6 Conjurations


You had 7 spell levels left.
You knew the following spells:

 Your Spells              Type           Power      Damage    Failure   Level
a - Kiss of Death         Conj/Necr      32%        2d7       12%         1

Your spell library contained the following spells:

 Spells                   Type           Power      Damage    Failure   Level
 Momentum Strike          Conj/Tloc      16%        3d8       17%         2
 Hailstorm                Conj/Ice       8%         3d4       34%         3


Dungeon Overview and Level Annotations

Branches:
Dungeon (3/15)

Altars:
Hepliaklqana

Annotations:
D:3 Grinder


Innate Abilities, Weirdness & Mutations

You have a beak for a mouth.
You have claws for feet.
Your magical nature lets you fly swiftly and evasively.


Message History

You kill the adder!
You feel sick. Grinder gestures at you.
You barely resist.
Your Stealth skill increases to level 1!
You feel sick.
You feel sick.
The giant cockroach waves its antennae.
You feel sick.
You feel sick.
You are no longer poisoned.
Grinder hits you!
Casting: Kiss of Death (safe; 12% risk of failure)
Confirm with . or Enter, or press ? or * to list all spells.
You can't see any susceptible monsters within range! (Use Z to cast anyway.) Unknown command.
Casting: Kiss of Death (safe; 12% risk of failure)
Confirm with . or Enter, or press ? or * to list all spells.
You can't see any susceptible monsters within range! (Use Z to cast anyway.) Unknown command.
You hit Grinder. You burn Grinder.
Grinder is lightly wounded.
Grinder hits you.
* * * LOW HITPOINT WARNING * * *
You writhe in agony.
* * * LOW HITPOINT WARNING * * *
You aren't carrying any potions.
Press: ? - help, v - describe, . - travel
Here: Grinder (lightly wounded)
The floor, spattered with blood.
You closely miss Grinder.
Grinder is lightly wounded.
Grinder completely misses you.
Press: ? - help, v - describe, . - travel
Here: Grinder (lightly wounded)
The floor, spattered with blood.
You closely miss Grinder. You claw Grinder.
Grinder is lightly wounded.
Grinder hits you.
You die...

## ####### .. ######.....#
.# #......###.# .#
#.###..###.####### .# #.#
#............###.#####B
#.###..###.##..............
#....).# #.##.##@##.....§♣~
###)##.....##.##5##.####P~~
##..#########.##B......♣ P
..#....# #.#####...~~~P~~
.###.#.# #.# #.##.♣~~~~ ##
##..# ... ... ..~~~≈
######.### ... ##... .~~P≈
......... ......♣♣♣
.###...#.# #......


You could see Grinder and a giant cockroach.

Vanquished Creatures
  An orc wizard (D:2)
  4 gnolls (D:2)
  4 adders
  A worm (D:3)
  4 orcs
  4 ball pythons
  3 endoplasms
  2 giant cockroaches (D:1)
  6 goblins
  A hobgoblin (D:1)
  4 kobolds
  3 quokkas
  3 bats (D:1)
  2 frilled lizards (D:1)
  8 rats
50 creatures vanquished.

Notes
Turn   | Place    | Note
-------+----------+-------------------------------------------
     0 | D:1      | Janerl the Tengu Reaver began the quest for the Orb.
     0 | D:1      | Reached XP level 1. HP: 12/12 MP: 4/4
   167 | D:1      | Reached XP level 2. HP: 14/17 MP: 6/6
   737 | D:2      | Reached XP level 3. HP: 17/21 MP: 7/7
   805 | D:2      | Reached skill level 1 in Armour
   805 | D:2      | Reached XP level 4. HP: 6/26 MP: 8/8
  1002 | D:2      | Found a hazy altar of Hepliaklqana.
  1179 | D:2      | Gained mutation: Your magical nature lets you fly swiftly
                  | and evasively. [Tengu growth]
  1179 | D:2      | Reached XP level 5. HP: 10/31 MP: 9/9
  1473 | D:3      | Noticed Grinder
  1751 | D:3      | Reached skill level 1 in Stealth
  1758 | D:3      | Slain by Grinder

Illustrated notes

Levels and vault maps discovered:
D:1:      dpeg_arrival_fog, layout_loops_ring
D:2:      layout_loops_ring, basic_altar
D:3:      layout_loops_cross, chequers_ecumenical_altar_grove,
          ebering_ghost_gozag, st_stairs_11, serial_bayou_lagoon_b,
          uniq_terence, uniq_natasha, uniq_grinder

Skill      XL: |  1  2  3  4  5 |
---------------+----------------+-----
Long Blades    | 4 |  4.1
Armour         | 1 |  1.8
Dodging        | 3 |  3.4
Stealth        | 1 |  1.0
Fighting       | |  2.6
Short Blades   | |  0.5
Axes           | |  0.3
Spellcasting   | |  2.1
Conjurations   | |  4.6

Action                     |  1- 3 |  4- 6 || total
---------------------------+-------+-------++-------
  Melee: Falchion          |    21 |       ||    21
         Kick              |    19 |    21 ||    40
         Peck              |    10 |    12 ||    22
         Dagger            |    54 |    36 ||    90
         Punch             |     1 |       ||     1
         Hand axe          |       |    34 ||    34
   Cast: Kiss of Death     |     1 |       ||     1
    Use: Potion            |     1 |       ||     1
   Stab: Sleeping          |     1 |     2 ||     3
 Armour: Leather armour    |    18 |     5 ||    23
  Dodge: Dodged            |    32 |    40 ||    72
